[Event "Late-Titled-Tuesday-Blitz-February-06-2024"]
[Site "Chess.com"]
[Date "2024.02.06"]
[Round "8"]
[White "StellarChess"]
[Black "Goryachkina"]
[Result "0-1"]
[WhiteElo "2562"]
[BlackElo "2689"]
[TimeControl "180+1"]
[EndTime "15:28:39 PST"]
[Termination "Goryachkina won by checkmate"]

1. d4 Nf6 2. Bg5 Ne4 3. Bf4 c5 4. f3 Nf6 5. dxc5 Na6 6. Nc3 Nxc5 7. Qd2 d6 8. e4 Bd7 9. O-O-O e5 10. Bg5 h6 11. Bh4 Nfxe4 12. Qe1 g5 13. Nxe4 Nxe4 14. fxe4 gxh4 15. Bc4 Rc8 16. Bb3 Qg5+ 17. Kb1 Qxg2 18. Ne2 Bg4 19. Rf1 Qxe2 20. Qxh4 Be7 21. Qg3 h5 22.
Bxf7+ Kd7 23. Bb3 Rhf8 24. Rfe1 Qf2 25. Qd3 Bxd1 26. Qb5+ Kd8 27. Rxd1 Qb6 28. Qa4 Qa6 29. Qb4 Rf1 30. c3 Rxd1+ 31. Bxd1 Qd3+ 32. Kc1 Bg5# 0-1

[Event "Late-Titled-Tuesday-Blitz-February-06-2024"]
[Site "Chess.com"]
[Date "2024.02.06"]
[Round "8"]
[White "kingofthenil"]
[Black "Levanzovsky"]
[Result "0-1"]
[WhiteElo "2667"]
[BlackElo "2561"]
[TimeControl "180+1"]
[EndTime "15:28:43 PST"]
[Termination "Levanzovsky won on time"]

1. e4 c5 2. d3 Nc6 3. g3 g6 4. Bg2 Bg7 5. f4 Rb8 6. Nf3 b5 7. O-O b4 8. Nbd2 d6 9. Nc4 a5 10. e5 d5 11. Ne3 e6 12. c4 Nge7 13. Ng4 Nf5 14. Re1 O-O 15. b3 a4 16. bxa4 dxc4 17. dxc4 Ba6 18. Bb2 Na5 19. Nf6+ Bxf6 20. exf6 Nxc4 21.
Be5 Qxd1 22. Raxd1 Rbd8 23. Rxd8 Rxd8 24. Rc1 Nfe3 25.
Ng5 Nxg2 26. Kxg2 h6 27. Nf3 Rd3 28. Kf2 Kf8 29. a5 Ke8 30. Nh4 Rd2+ 31. Kf3 Bb7+ 32.
Kg4 Ne3+ 33. Kh3 c4 34. Rb1 g5 35. fxg5 hxg5 0-1

[Event "Late-Titled-Tuesday-Blitz-February-06-2024"]
[Site "Chess.com"]
[Date "2024.02.06"]
[Round "8"]
[White "zverr1"]
[Black "Grindaveci"]
[Result "1-0"]
[WhiteElo "2582"]
[BlackElo "2447"]
[TimeControl "180+1"]
[EndTime "15:28:43 PST"]
[Termination "zverr1 won on time"]

1. e4 e5 2. Nf3 Nc6 3. Bc4 a6 4. O-O Nf6 5. d4 b5 6. Bb3 exd4 7. e5 Ne4 8. Bd5 Nc5 9. Nxd4 Bb7 10. Qf3 Nxe5 11. Re1 Qe7 12. Bxf7+ Kd8 13. Qg3 Qxf7 14. Bg5+ Kc8 15. Qxe5 Bd6 16. Qf5 Qh5 17. h3 Rf8 18. Qg4 Qxg4 19. hxg4 Ne4 20. Be3 Nf6 21. Nf5 Be5 22. Bd4 Bxd4 23. Nxd4 Nxg4 24. f3 Nf6 25. Re7 g6 26. Nc3 1-0

[Event "Late-Titled-Tuesday-Blitz-February-06-2024"]
[Site "Chess.com"]
[Date "2024.02.06"]
[Round "8"]
[White "TheMagician"]
[Black "LUISMIGUELOV"]
[Result "1-0"]
[WhiteElo "2164"]
[BlackElo "2201"]
[TimeControl "180+1"]
[EndTime "15:28:43 PST"]
[Termination "TheMagician won by resignation"]

1. c4 e6 2. Nc3 Be7 3. d4 Nf6 4. e4 O-O 5. e5 Ne8 6. f4 d6 7. Nf3 c5 8. exd6 Bxd6 9. dxc5 Be7 10. Qxd8 Bxd8 11. Be3 Nf6 12. O-O-O Nbd7 13. h3 Be7 14. c6 bxc6 15. g4 h6 16. Bg2 Rb8 17.
Bxa7 Ra8 18. Be3 Bc5 19. Bxc5 Nxc5 20. Ne5 Bb7 21. Bxc6 Bxc6 22. Nxc6 Ra6 23. Nb4 Raa8 24. Rhe1 Rfb8 25. Nc6 Rb7 26. b3 Rc7 27. Ne5 Nfd7 28. Nxd7 Nxd7 29. Kc2 Nc5 30. Rd4 Na6 31. Red1 Nb4+ 32.
Kb2 Nc6 33. Rd7 Rxd7 34. Rxd7 Kf8 35. Nb5 Nb4 36. a3 Na6 37. Nc7 Nxc7 38. Rxc7 Rd8 39. Kc3 Rd1 40. a4 Rh1 41. a5 Rxh3+ 42. Kb4 Rh1 43. a6 Ra1 44. a7 g5 45. fxg5 hxg5 46.
Kb5 Kg7 47. Kb6 Kg6 48. b4 f5 49. Rc8 fxg4 50. a8=Q Rxa8 51. Rxa8 g3 52. Ra3 g2 53.
Rg3 e5 54. Rxg2 e4 55. c5 e3 56. c6 Kh5 57. c7 g4 58. c8=Q 1-0

[Event "Late-Titled-Tuesday-Blitz-February-06-2024"]
[Site "Chess.com"]
[Date "2024.02.06"]
[Round "8"]
[White "iwanyu"]
[Black "Angry_Twin"]
[Result "1-0"]
[WhiteElo "2843"]
[BlackElo "3068"]
[TimeControl "180+1"]
[EndTime "15:28:44 PST"]
[Termination "iwanyu won by resignation"]

1. d4 Nf6 2. c4 e6 3. Nf3 d5 4.
g3 Bb4+ 5. Nc3 O-O 6. Bg2 dxc4 7. O-O Nc6 8. a3 Bd6 9. Bg5 h6 10. Bxf6 Qxf6 11. Ne4 Qe7 12. Qc2 e5 13. d5 Nd8 14.
Qxc4 f5 15. Nxd6 cxd6 16. Rac1 Nf7 17. Nh4 Qf6 18. Qc7 e4 19. Bh1 g5 20. Ng2 f4 21.
Rc4 Re8 22. gxf4 gxf4 23. f3 Bh3 24. Rxe4 Bxg2 25. Bxg2 Rxe4 26. fxe4 Ne5 27. Bh3 Kh8 28. Be6 f3 29. exf3 Nxf3+ 30. Kh1 Rd8 31. Bg4 Rg8 32. Bxf3 Qf4 33. Bg2 Qg5 34. Bh3 Rg7 35. Rf8+ Kh7 36. Bf5+ Qxf5 37. Qxg7+ Kxg7 38. Rxf5 1-0

[Event "Late-Titled-Tuesday-Blitz-February-06-2024"]
[Site "Chess.com"]
[Date "2024.02.06"]
[Round "8"]
[White "GMKrikor"]
[Black "GMBenjaminBok"]
[Result "1-0"]
[WhiteElo "2858"]
[BlackElo "2994"]
[TimeControl "180+1"]
[EndTime "15:28:45 PST"]
[Termination "GMKrikor won by resignation"]

1. Nf3 d5 2. c4 e6 3. d4 Nf6 4. cxd5 exd5 5. Nc3 c6 6. Bf4 Bd6 7. Bxd6 Qxd6 8. e3 Bg4 9. Qb3 Qe7 10. Ne5 Bf5 11. Be2 O-O 12. g4 Be6 13. g5 Ne4 14. Nxe4 dxe4 15. Bc4 Bxc4 16. Qxc4 Qxg5 17. O-O-O Qf5 18.
Qc2 Na6 19. f3 Nb4 20. Qxe4 Nxa2+ 21. Kc2 Qe6 22. Rhg1 Nb4+ 23. Kd2 Rae8 24. Qf4 g6 25. Ng4 Nd5 26. Qg5 Qe7 27. Qh6 Qb4+ 28. Kc1 Qe7 29.
e4 Nf6 30. Ne3 Kh8 31. Nf5 Ng4 1-0

[Event "Late-Titled-Tuesday-Blitz-February-06-2024"]
[Site "Chess.com"]
[Date "2024.02.06"]
[Round "8"]
[White "Ticondriul"]
[Black "Alex_Sahakyan2006"]
[Result "1-0"]
[WhiteElo "2748"]
[BlackElo "2872"]
[TimeControl "180+1"]
[EndTime "15:28:45 PST"]
[Termination "Ticondriul won on time"]

1. d3 g6 2. Nf3 Bg7 3. g3 e5 4. Bg2 Nc6 5. O-O d6 6. c4 f5 7. Nc3 Nf6 8. Nd5 Nxd5 9. cxd5 Ne7 10. Ng5 c6 11. dxc6 bxc6 12. Qb3 d5 13. e4 O-O 14.
exd5 cxd5 15. f4 h6 16. Nf3 e4 17. Ne5 Kh7 18. dxe4 dxe4 19. Be3 Nd5 20. Rfd1 Be6 21. Rac1 Nxe3 22. Qxe3 Qb6 23. Qxb6 axb6 24. a3 Rac8 25. Kf2 Bb3 26. Rxc8 Rxc8 27. Rd2 Rc2 28. Rxc2 Bxc2 29. Ke3 g5 30. Nc4 b5 31. Nd6 Bxb2 32. fxg5 Bc1+ 33.
Kd4 hxg5 34. Nxf5 Bb2+ 35. Ke3 Bc1+ 36. Kd4 Bxa3 37. Bxe4 Ba4 38. Bc6 Kg6 39. Ne3 Kf6 40. Nd5+ Ke6 41. Nc7+ 1-0

[Event "Late-Titled-Tuesday-Blitz-February-06-2024"]
[Site "Chess.com"]
[Date "2024.02.06"]
[Round "8"]
[White "Fh2411"]
[Black "Attacker_2006"]
[Result "1-0"]
[WhiteElo "2605"]
[BlackElo "2489"]
[TimeControl "180+1"]
[EndTime "15:28:46 PST"]
[Termination "Fh2411 won on time"]

1. d4 Nf6 2. Nf3 e6 3. Bf4 d5 4. e3 c5 5. c3 Nbd7 6. h3 cxd4 7. exd4 Be7 8. Bd3 b6 9. Nbd2 Bb7 10. O-O O-O 11. Re1 Rc8 12. Qe2 Re8 13. Rad1 Nf8 14.
Ne5 Ng6 15. Bg3 Bd6 16. h4 Nf8 17. h5 h6 18. Bh4 Be7 19. Bg3 Bd6 20. Bb1 Qc7 21.
Bh4 Be7 22. g4 N6d7 23. Bg3 Bd6 24. f4 f6 25. Nxd7 Qxd7 26. Rf1 Qc7 27. Qd3 Qf7 28. Nf3 f5 29. gxf5 exf5 30. Qxf5 Qxf5 31. Bxf5 Rcd8 32. Ne5 Bxe5 33. fxe5 Bc8 34. Bh4 1-0

[Event "Late-Titled-Tuesday-Blitz-February-06-2024"]
[Site "Chess.com"]
[Date "2024.02.06"]
[Round "8"]
[White "WilsonPalencia21"]
[Black "Horokoskii"]
[Result "1-0"]
[WhiteElo "2591"]
[BlackElo "2173"]
[TimeControl "180+1"]
[EndTime "15:28:49 PST"]
[Termination "WilsonPalencia21 won by resignation"]

1. d4 Nf6 2. c4 g6 3. Nf3 Bg7 4. Nc3 O-O 5. e4 d6 6. Be2 c5 7. d5 e6 8. O-O exd5 9. exd5 Re8 10. h3 Nbd7 11. Bf4 Qe7 12. Re1 a6 13. Bf1 Qf8 14. Qd2 Nb6 15. a4 Rb8 16. Rxe8 Nxe8 17. Re1 Bd7 18. a5 Na8 19. Ne4 Bf5 20. g4 Bxe4 21.
Rxe4 Nf6 22. Re3 Nc7 23. b4 Nd7 24. Kg2 cxb4 25. Qxb4 Nc5 26. Qb6 Ne8 27. Rxe8 Qxe8 28. Bxd6 Nd7 29. Qa7 Rc8 30. Qxb7 Rd8 31. Qxa6 Ne5 32.
Bxe5 Bxe5 33. Qb5 Qxb5 34. cxb5 Rxd5 35. Nxe5 Rxe5 36. a6 Kf8 37. a7 Re8 38. b6 Ke7 39. Bb5 Rc8 40. Bc6 Rxc6 41. a8=Q Rxb6 42. Qa7+ 1-0

[Event "Late-Titled-Tuesday-Blitz-February-06-2024"]
[Site "Chess.com"]
[Date "2024.02.06"]
[Round "8"]
[White "Elsa167"]
[Black "BogdanDeac"]
[Result "1/2-1/2"]
[WhiteElo "2906"]
[BlackElo "3006"]
[TimeControl "180+1"]
[EndTime "15:28:50 PST"]
[Termination "Game drawn by repetition"]

1. d4 Nf6 2. c4 e6 3. Nf3 d5 4.
Nc3 c6 5. Bg5 dxc4 6. e4 b5 7.
a4 b4 8. Nb1 Be7 9. Bxf6 Bxf6 10. Bxc4 Bb7 11. O-O O-O 12. e5 Be7 13. Nbd2 c5 14.
dxc5 Nd7 15. Nb3 Nxc5 16. Nxc5 Bxc5 17. Qe2 Bxf3 18. Qxf3 Bd4 19. Rad1 Qb6 20. Qe2 Qc5 21. b3 Qxe5 22. Qf3 Rfd8 23. g3 Qf6 24. Qb7 a5 25.
Kg2 Rab8 26. Qe4 g6 27. Rd3 Qe5 28. Qf3 Rd6 29. h4 Rbd8 30. Rfd1 Bc5 31. Rxd6 Rxd6 32.
Rxd6 Bxd6 33. Qe2 Kg7 34. Qxe5+ Bxe5 35. f4 Bd6 36. Kf3 f5 37. Bxe6 Kf6 38. Bg8 h6 39.
Bc4 g5 40. hxg5+ hxg5 41. fxg5+ Kxg5 42. Bd3 Kf6 43. Bc4 Ke5 44. Bd3 Kf6 45. Bc4 Ke5 46. Bd3 Kf6 1/2-1/2

[Event "Late-Titled-Tuesday-Blitz-February-06-2024"]
[Site "Chess.com"]
[Date "2024.02.06"]
[Round "8"]
[White "Semetey"]
[Black "Oleksandr_Bortnyk"]
[Result "0-1"]
[WhiteElo "2643"]
[BlackElo "3065"]
[TimeControl "180+1"]
[EndTime "15:28:50 PST"]
[Termination "Oleksandr_Bortnyk won by checkmate"]

1. e4 Nf6 2. Nc3 d5 3. e5 Nfd7 4. f4 d4 5. Ne4 f5 6. Ng5 Nb6 7. c3 c5 8. cxd4 cxd4 9. Bd3 Nc6 10. a3 g6 11. Qf3 h6 12. Qh3 Nd5 13. Ne2 Bg7 14.
Nf3 Be6 15. b4 a6 16. Bb2 Qd7 17. Qg3 Bf7 18. b5 axb5 19. Bxb5 d3 20. Ned4 O-O 21.
O-O Nc7 22. Bxd3 Rfd8 23. Bxf5 Nxd4 24. Bxd4 Qxf5 25. Bc3 Rd3 26. Nh4 Qe4 27. Nf3 Nd5 28. Rfe1 Qxf4 29. e6 Be8 30. Bxg7 Qxg3 31. hxg3 Kxg7 32.
Rab1 Bc6 33. Ne5 Rxg3 34. Nxc6 bxc6 35. Rbc1 Nf4 36. Rxc6 Rxg2+ 37. Kh1 Rxa3 38. Rc7 Rh3# 0-1

[Event "Late-Titled-Tuesday-Blitz-February-06-2024"]
[Site "Chess.com"]
[Date "2024.02.06"]
[Round "8"]
[White "jsdbv18"]
[Black "malakismayil"]
[Result "1-0"]
[WhiteElo "2625"]
[BlackElo "2479"]
[TimeControl "180+1"]
[EndTime "15:28:51 PST"]
[Termination "jsdbv18 won on time"]

1. Nf3 d5 2. g3 Nf6 3. Bg2 e6 4. c4 Be7 5. d4 O-O 6. O-O dxc4 7. Qc2 b5 8. a4 c6 9. b3 cxb3 10.
Qxb3 b4 11. Ne5 Ba6 12. Qc2 Nd5 13. Bb2 f6 14. Nxc6 Nxc6 15. Qxc6 Qd6 16. Qxd6 Bxd6 17.
Rc1 Rac8 18. e4 Nb6 19. Bh3 Kf7 20. Rxc8 Rxc8 21. d5 Rc2 22. Bxe6+ Ke7 23. Bd4 Bd3 24. a5 Nc4 25. Kg2 Bxe4+ 26. Kh3 Rc1 27. Nd2 Rxa1 28. Nxc4 a6 29. Nb6 Rd1 30. Be3 Bc7 31. Nc8+ Kd8 32.
d6 Bxd6 33. Nxd6 1-0

[Event "Late-Titled-Tuesday-Blitz-February-06-2024"]
[Site "Chess.com"]
[Date "2024.02.06"]
[Round "8"]
[White "Mariia89"]
[Black "Bkmzzzzz"]
[Result "0-1"]
[WhiteElo "2191"]
[BlackElo "2419"]
[TimeControl "180+1"]
[EndTime "15:28:51 PST"]
[Termination "Bkmzzzzz won on time"]

1. d4 d5 2. c4 dxc4 3. e3 Nf6 4. Bxc4 e6 5. Nf3 c5 6. O-O a6 7. a4 Nc6 8. Qe2 cxd4 9. Rd1 Be7 10. exd4 O-O 11.
Nc3 Nb4 12. Bg5 Nfd5 13. Bxe7 Nxe7 14. Qe4 Ned5 15. Rac1 b6 16. Ne5 Bb7 17. Qg4 Qe7 18. h4 Rac8 19. Ne2 f5 20. Qg3 f4 21. Qg4 f3 22.
gxf3 Rf6 23. h5 Rcf8 24. Kh2 Rh6 25. Rh1 Rf5 26. Kg1 Rg5 27. Ng3 Rxg4 28. Nxg4 Rf6 29. Nxf6+ Qxf6 30. Be2 Nf4 31. Re1 Qxd4 32. Ne4 Bxe4 33.
fxe4 Qxe4 0-1

[Event "Late-Titled-Tuesday-Blitz-February-06-2024"]
[Site "Chess.com"]
[Date "2024.02.06"]
[Round "8"]
[White "shirovin"]
[Black "BebeBonito2022"]
[Result "0-1"]
[WhiteElo "2092"]
[BlackElo "2328"]
[TimeControl "180+1"]
[EndTime "15:28:54 PST"]
[Termination "BebeBonito2022 won by resignation"]

1. e4 e5 2. Nf3 Nc6 3. Bc4 Nf6 4.
d3 Bc5 5. O-O a6 6. c3 Ba7 7. a4 h6 8. b4 d6 9. Nbd2 O-O 10.
Bb2 Ne7 11. Re1 Ng6 12. d4 Re8 13. Qb3 Qe7 14. Rad1 Be6 15. Bxe6 Qxe6 16. Qxe6 Rxe6 17. dxe5 dxe5 18. c4 a5 19. b5 Bc5 20. Bc3 b6 21. Nb3 Bb4 22. Bxb4 axb4 23. Ra1 Nf4 24. Red1 Ne2+ 25.
Kf1 Nc3 26. Rd2 Nfxe4 27. Rd7 Rxa4 28. Rxa4 Nxa4 29. Rxc7 Nac5 30. Nfd2 Nxd2+ 31. Nxd2 Rd6 32. Ke2 b3 33. Rc8+ Kh7 34. Ra8 b2 35. Nb1 Nb3 36.
Ra2 Nc1+ 37. Ke1 Nxa2 0-1

[Event "Late-Titled-Tuesday-Blitz-February-06-2024"]
[Site "Chess.com"]
[Date "2024.02.06"]
[Round "8"]
[White "masnyszachistaaa"]
[Black "Akhayan"]
[Result "1-0"]
[WhiteElo "2550"]
[BlackElo "2388"]
[TimeControl "180+1"]
[EndTime "15:28:56 PST"]
[Termination "masnyszachistaaa won by resignation"]

1. Nf3 f5 2. d4 Nf6 3. g3 e6 4. Bg2 d5 5. O-O c6 6. c4 Bd6 7. Nc3 O-O 8. Qc2 Nbd7 9. cxd5 exd5 10. Qxf5 Nc5 11. Qc2 Nce4 12. Ne5 Bf5 13. Qb3 Qb6 14.
Qxb6 axb6 15. Nxe4 Nxe4 16. f4 Ra4 17. Be3 Rfa8 18. a3 b5 19. Rab1 b4 20. axb4 Rxb4 21. Nd3 Rba4 22. Rfc1 h6 23. Bf3 Nf6 24. Kg2 Ng4 25.
Bg1 h5 26. h3 Nf6 27. Rc3 Rc4 28. Rbc1 b5 29. b3 Rxc3 30. Rxc3 Ra6 31. Ne5 Ra3 32. Nxc6 b4 33. Re3 h4 34. g4 Be4 35. g5 Bxf3+ 36. exf3 Nd7 37. Ne5 Nb6 38. f5 Ra2+ 39. Bf2 Bxe5 40.
dxe5 Nc4 41. bxc4 dxc4 42. e6 Kf8 43. f6 gxf6 44. gxf6 c3 45. e7+ Ke8 46. f7+ 1-0

[Event "Late-Titled-Tuesday-Blitz-February-06-2024"]
[Site "Chess.com"]
[Date "2024.02.06"]
[Round "8"]
[White "RantomOpening"]
[Black "delqate"]
[Result "0-1"]
[WhiteElo "2494"]
[BlackElo "2369"]
[TimeControl "180+1"]
[EndTime "15:28:56 PST"]
[Termination "delqate won by checkmate"]

1. d4 d5 2. Bg5 h6 3. Bf4 Nf6 4. Nf3 c5 5. e3 Nc6 6. c3 Bf5 7. Bb5 Qb6 8. Qa4 Nd7 9. Nbd2 e6 10.
O-O Be7 11. Bxc6 bxc6 12. b3 O-O 13. Qa3 Rfe8 14. Qb2 a5 15. c4 a4 16. cxd5 cxd5 17. dxc5 Nxc5 18. Be5 Nd3 19. Qd4 Bc5 20. Qh4 Bxe3 21.
Bg3 Bc5 22. bxa4 Be7 23. Qd4 Bc5 24. Qh4 Qa5 25. Nb3 Qxa4 26. Qh5 Bb6 27. Ne5 Nxe5 28. Bxe5 Bg6 29. Qf3 Rec8 30. Qg3 Rc2 31. h4 h5 32. a3 Rac8 33. Nc1 R8c4 34. Qb3 Bxf2+ 35. Kh1 Rxh4+ 36. Bh2 Qxb3 37. Nxb3 Bg3 38. a4 Rxh2+ 39. Kg1 Rcxg2# 0-1

[Event "Late-Titled-Tuesday-Blitz-February-06-2024"]
[Site "Chess.com"]
[Date "2024.02.06"]
[Round "8"]
[White "DonJuanEGenaro"]
[Black "ChessFanNM"]
[Result "0-1"]
[WhiteElo "2080"]
[BlackElo "2323"]
[TimeControl "180+1"]
[EndTime "15:28:58 PST"]
[Termination "ChessFanNM won by resignation"]

1. c4 e6 2. Nc3 d5 3. d4 Nf6 4. Nf3 c5 5. cxd5 cxd4 6. Qxd4 exd5 7. Bg5 Be7 8. e3 O-O 9. Bd3 Nc6 10. Qa4 h6 11.
Bh4 a6 12. O-O Be6 13. Rfd1 Qb6 14. Rab1 Rfd8 15. b4 Kf8 16. b5 axb5 17. Qxb5 Qxb5 18. Rxb5 g5 19. Bg3 Ne4 20. Bxe4 dxe4 21. Nd4 Nxd4 22. Rxd4 Rxd4 23. exd4 Rc8 24. Ne2 Bc4 25. Rxb7 Bxe2 26. h3 Bc4 27. Bh2 Bxa2 28. Be5 Bd5 29. Rb6 Be6 30.
d5 Bxd5 31. Rxh6 Ke8 32. Bf6 Rc1+ 33. Kh2 Bd6+ 34. g3 e3 35. Rh8+ Kd7 36. Rd8+ Ke6 37. Rxd6+ Kxd6 38. g4 e2 0-1

[Event "Late-Titled-Tuesday-Blitz-February-06-2024"]
[Site "Chess.com"]
[Date "2024.02.06"]
[Round "8"]
[White "jinxy2009"]
[Black "Laico"]
[Result "0-1"]
[WhiteElo "2228"]
[BlackElo "2364"]
[TimeControl "180+1"]
[EndTime "15:28:59 PST"]
[Termination "Laico won by resignation"]

1. e4 e6 2. d4 d5 3. e5 c5 4.
c3 Nc6 5. Nf3 Bd7 6. Be2 Nge7 7.
O-O Nf5 8. Na3 cxd4 9. cxd4 Bxa3 10. bxa3 Qb6 11. Be3 Qa5 12. Qb3 Qc7 13. Rab1 Rb8 14. Rfc1 O-O 15. h4 Nxe3 16. fxe3 Qd8 17. Bd3 f6 18. Qd1 Be8 19. exf6 Qxf6 20. Qc2 Bh5 21.
Rf1 Qh6 22. Ng5 Bg6 23. Bxg6 hxg6 24. Nxe6 Rxf1+ 25. Rxf1 Qxe3+ 26. Kh1 Qxe6 27. Qf2 Re8 28. Rb1 b6 29. Rc1 Ne7 30. Rc7 Nf5 31. Qf4 Qe1+ 32.
Kh2 Qxh4+ 33. Qxh4 Nxh4 34. Rxa7 Re2 35. Rd7 Nxg2 36.
Rxd5 Ne3+ 0-1

[Event "Late-Titled-Tuesday-Blitz-February-06-2024"]
[Site "Chess.com"]
[Date "2024.02.06"]
[Round "8"]
[White "kuli4ik"]
[Black "FairChess_on_YouTube"]
[Result "0-1"]
[WhiteElo "2860"]
[BlackElo "3052"]
[TimeControl "180+1"]
[EndTime "15:29:01 PST"]
[Termination "FairChess_on_YouTube won by checkmate"]

1. Nf3 b5 2. g3 Bb7 3. Bg2 Nf6 4. d3 g6 5. e4 d6 6. O-O Nbd7 7.
a4 b4 8. a5 c5 9. Re1 Bg7 10.
Nbd2 O-O 11. Nc4 Ng4 12. Bf4 Ba6 13. Qc1 Bxc4 14. dxc4 Nge5 15. Nxe5 Nxe5 16. Bxe5 Bxe5 17. a6 Rb8 18. f4 Bg7 19. Kh1 Rb6 20. Ra4 Qc8 21. Qa1 Qe6 22. Qa2 Rfb8 23. b3 Bc3 24. Rf1 h5 25. h4 Qg4 26. Kh2 e5 27. f5 Qe2 28. fxg6 fxg6 29. Ra5 Rf8 30. Rxf8+ Kxf8 31. Qa4 Qg4 32. Rb5 Rxb5 33. Qxb5 Be1 34. Qb8+ Kg7 35. Qxa7+ Kh6 36. Qe7 Bxg3+ 37. Kg1 Qd1+ 38. Bf1 Qd4+ 39. Kh1 Qxe4+ 40. Kg1 Qe3+ 41. Kg2 Qf2+ 42. Kh3 Qh2# 0-1

[Event "Late-Titled-Tuesday-Blitz-February-06-2024"]
[Site "Chess.com"]
[Date "2024.02.06"]
[Round "8"]
[White "AlexeiShirov"]
[Black "h4parah5"]
[Result "1/2-1/2"]
[WhiteElo "2809"]
[BlackElo "2964"]
[TimeControl "180+1"]
[EndTime "15:29:01 PST"]
[Termination "Game drawn - insufficient material"]

1. e4 c5 2. Nf3 e6 3. d4 cxd4 4.
Nxd4 Nc6 5. Nc3 Qc7 6. Be3 a6 7. Qf3 b5 8. O-O-O Bb7 9. Qg3 Qxg3 10. hxg3 Nxd4 11. Bxd4 b4 12. Na4 Bxe4 13. Nb6 Rb8 14. Nxd7 Rc8 15. Bd3 Bxg2 16. Nxf8 Kxf8 17. Bxa6 Rc6 18.
Rhg1 Rxa6 19. Rxg2 Rxa2 20. Bc5+ Ke8 21. Kb1 b3 22.
cxb3 Ra8 23. b4 Nf6 24. f4 Nd5 25. Re2 Kd7 26. f5 Rab8 27. fxe6+ fxe6 28. Rf1 Nf6 29. Rd2+ Ke8 30. Bd6 Ne4 31. Rd4 Nxd6 32. Rxd6 Ke7 33. Ra6 Rhd8 34. Ra7+ Rd7 35. Rxd7+ Kxd7 36. Rf7+ Kd6 37.
Rxg7 h5 38. Rh7 Rb5 39. Kc2 Rg5 40. Kd2 Rxg3 41. Rxh5 Rb3 42. Kc2 Rxb4 43. Kc3 Rf4 44. b4 Kc6 45. Re5 Kb7 46. Rxe6 Rg4 47. Kb3 Rf4 48. Ka4 Rf5 49. b5 Rg5 50. Ka5 Rf5 51. Re7+ Kb8 52. Ka6 Rf8 53. b6 Rh8 54. Rc7 Rg8 55.
Rc6 Rh8 56. b7 Rg8 57. Rc8+ Rxc8 58. bxc8=Q+ Kxc8 1/2-1/2

[Event "Late-Titled-Tuesday-Blitz-February-06-2024"]
[Site "Chess.com"]
[Date "2024.02.06"]
[Round "8"]
[White "TanitoluwaAps116"]
[Black "mishanick"]
[Result "1-0"]
[WhiteElo "2828"]
[BlackElo "3032"]
[TimeControl "180+1"]
[EndTime "15:29:01 PST"]
[Termination "TanitoluwaAps116 won by resignation"]

1. Nf3 d5 2. b3 Nf6 3. Bb2 g6 4. e3 Bg7 5. d4 O-O 6. Bd3 Bf5 7. Bxf5 gxf5 8. O-O e6 9. c4 c6 10. Nc3 Ne4 11. Ne2 Nd7 12. Nf4 Kh8 13. g3 Rg8 14. Kg2 Bh6 15. Nd3 Bf8 16. Nfe5 Nxe5 17. Nxe5 Qf6 18.
f3 Nd6 19. Nd7 Qe7 20. Nxf8 Qxf8 21. Ba3 Nxc4 22. Bxf8 Nxe3+ 23. Kg1 Nxd1 24. Bd6 Nc3 25. Be5+ Rg7 26. Kf2 a5 27. a4 b5 28. axb5 Nxb5 29.
Rfc1 Kg8 30. Rxc6 f6 31. Bxf6 Rc7 32. Rxc7 Nxc7 33. Rc1 Nb5 34. Be5 a4 35. bxa4 Rxa4 36. Ke3 Kf7 37. Rc5 Rb4 38. h4 h6 39. h5 Rb3+ 40.
Kf4 Rb4 41. Ke3 Rb1 42. Rc8 Rh1 43. g4 fxg4 44. fxg4 Rh3+ 45. Kd2 Rh4 46. Rc5 Na3 47. Rc7+ Ke8 48. Rg7 Nc4+ 49. Ke2 Kf8 50. Rg6 Kf7 51. Rg7+ Kf8 52. Rg6 Ke7 53. Bf6+ Kf7 54. Bxh4 1-0

[Event "Late-Titled-Tuesday-Blitz-February-06-2024"]
[Site "Chess.com"]
[Date "2024.02.06"]
[Round "8"]
[White "Mops_2004"]
[Black "KuzubovYuriy"]
[Result "0-1"]
[WhiteElo "2736"]
[BlackElo "2902"]
[TimeControl "180+1"]
[EndTime "15:29:06 PST"]
[Termination "KuzubovYuriy won by resignation"]

1. f4 g6 2. Nf3 Bg7 3. g3 d5 4. Bg2 b5 5. Nc3 a6 6. e4 d4 7. Ne2 d3 8. cxd3 Qxd3 9. Nc3 Bb7 10.
Bf1 Qd7 11. Qb3 Nc6 12. Be2 Nd4 13. Nxd4 Bxd4 14. d3 Nf6 15. Bf3 O-O 16. Bd2 c5 17.
Ne2 c4 18. dxc4 Nxe4 19. O-O-O bxc4 20. Qc2 Nxd2 21. Bxb7 Qxb7 22. Nxd4 Ne4 23. Rhe1 Nd6 24. Ne2 Nb5 25. Nc3 Rad8 26. Rxd8 Rxd8 27. Rd1 Rxd1+ 28.
Qxd1 Nxc3 29. Qd8+ Kg7 30. Qd4+ f6 31. bxc3 Qh1+ 32.
Kb2 Qxh2+ 33. Ka3 Qxg3 34. Qxc4 Qe3 35. Kb4 h5 36. Qxa6 h4 37. Qb7 h3 38. a4 h2 39.
a5 Qe1 0-1

[Event "Late-Titled-Tuesday-Blitz-February-06-2024"]
[Site "Chess.com"]
[Date "2024.02.06"]
[Round "8"]
[White "hakanazeri2"]
[Black "subham777"]
[Result "1-0"]
[WhiteElo "2639"]
[BlackElo "2516"]
[TimeControl "180+1"]
[EndTime "15:29:06 PST"]
[Termination "hakanazeri2 won by resignation"]

1. Nf3 d5 2. d4 Nf6 3. c4 e6 4. g3 Be7 5. Bg2 O-O 6. O-O dxc4 7. Qc2 a6 8. a4 Bd7 9. Rd1 Bc6 10. Bg5 Be4 11. Qxc4 Bd5 12. Qc2 Be4 13. Qc1 Nd5 14. Bxe7 Qxe7 15. Nbd2 Bg6 16. Ne5 Rd8 17. Ndc4 Ra7 18. e4 Nf6 19. Qe3 Ra8 20. Na5 c6 21.
Nxg6 hxg6 22. Qb3 b5 23. Qc3 Qc7 24. Rac1 bxa4 25. Qb4 Nfd7 26. Qxa4 Nb6 27. Qb4 Ra7 28. d5 exd5 29. exd5 N6d7 30. dxc6 Nf6 31. Rxd8+ Qxd8 32.
Nb7 Qc8 33. Qb6 Ra8 34. Nd6 Qe6 35. c7 Nbd7 36. Qd4 Re8 37. Nxe8 Nb6 38. Nxf6+ gxf6 39. Rc6 Qe1+ 40. Bf1 Nc8 41. Qd8+ Kg7 42. Qxc8 Qe4 43. Qd7 1-0

[Event "Late-Titled-Tuesday-Blitz-February-06-2024"]
[Site "Chess.com"]
[Date "2024.02.06"]
[Round "8"]
[White "ACollins05"]
[Black "Rutricks"]
[Result "0-1"]
[WhiteElo "2455"]
[BlackElo "2736"]
[TimeControl "180+1"]
[EndTime "15:29:07 PST"]
[Termination "Rutricks won by resignation"]

1. d4 g6 2. Nf3 Bg7 3. g3 Nf6 4. Bg2 O-O 5. O-O d6 6. a4 Nbd7 7. a5 c5 8. Nc3 Rb8 9. e4 cxd4 10.
Nxd4 Ne5 11. Re1 Bg4 12. f3 Bd7 13. b3 Qc8 14. Nce2 Rd8 15. c4 b6 16. axb6 axb6 17.
Be3 b5 18. cxb5 Bxb5 19. Nxb5 Rxb5 20. Nd4 Rb4 21. Rc1 Qa6 22. f4 Nfg4 23. Nc2 Nxe3 24. Rxe3 Qb6 25. fxe5 Rxb3 26. Qf3 Bh6 27. Re1 dxe5 28.
Kh1 Bxe3 29. Nxe3 Rdd3 30. Nd5 Rxd5 31. Qxb3 Qxb3 32. exd5 f5 33. Kg1 e4 34. Kf2 Qb2+ 35.
Re2 Qd4+ 36. Kf1 Qxd5 37. g4 e6 38. gxf5 gxf5 39. Kf2 Kf7 40. Re1 Kf6 41. Re2 Qd4+ 42. Kf1 Kg5 43. Re1 Kf4 44. Re2 Qd1+ 45. Re1 Qd3+ 46.
Kg1 e5 47. Rf1+ Kg5 48. Re1 Qd2 49. Kf1 e3 50. Re2 Qc1+ 51. Re1 Qc4+ 52. Kg1 f4 53.
Bf3 e4 54. Bg2 Qd4 55. Kf1 f3 56. Bh3 Kf4 57. Bc8 Qg7 58. Bh3 Qb2 0-1

[Event "Late-Titled-Tuesday-Blitz-February-06-2024"]
[Site "Chess.com"]
[Date "2024.02.06"]
[Round "8"]
[White "GHANDEEVAM2003"]
[Black "Kosak12"]
[Result "1/2-1/2"]
[WhiteElo "3037"]
[BlackElo "2840"]
[TimeControl "180+1"]
[EndTime "15:29:10 PST"]
[Termination "Game drawn - insufficient material"]

1. Nf3 Nf6 2. c4 e6 3. b3 d5 4. Bb2 Bd6 5. e3 O-O 6. g4 c5 7.
g5 Nfd7 8. Nc3 Nb6 9. Qc2 Nc6 10. a3 d4 11. Ne4 a5 12. Bd3 a4 13. exd4 axb3 14.
Qxb3 Na4 15. dxc5 Nxb2 16. cxd6 Nxd3+ 17. Qxd3 e5 18. Qb1 Kh8 19. d3 Bf5 20. Nfd2 Nd4 21. h4 Bxe4 22. Nxe4 f5 23. gxf6 gxf6 24. Qb2 f5 25.
Nc3 Qxd6 26. Nb5 Qc6 27. O-O-O Nxb5 28. Qxe5+ Rf6 29. Qxb5 Qxb5 30. cxb5 Rxa3 31. Rhe1 Rc3+ 32. Kd2 Rc5 33. Rb1 Rb6 34. Re8+ Kg7 35. Re7+ Kh6 36. Rg1 Rcxb5 37. Rgg7 Rb2+ 38. Kc3 Rxf2 39. Rxh7+ Kg6 40. h5+ Kg5 41. Reg7+ Kf4 42. Rg6 Rxg6 43. hxg6 Rg2 44.
g7 Ke5 45. d4+ Kf6 46. g8=Q Rxg8 47. Rxb7 f4 48. Kd3 Re8 49. Rb5 f3 50. Kd2 f2 51.
Rb1 Re4 52. Rf1 Rxd4+ 53. Ke3 Rd5 54. Rxf2+ Rf5 55. Rxf5+ Kxf5 1/2-1/2